 Dungeon Crawl Stone Soup version 0.27.1-3-gb3d3a73c9e (webtiles) character file.

Game seed: 17419288842024591486

2173 sking99 the Grappler (level 9, 0/88 HPs)
             Began as a Troll Monk on Oct 13, 2021.
             Was a High Priest of Makhleb.
             Slain by a two-headed ogre (6 damage)
             ... on level 7 of the Dungeon.
             The game lasted 00:10:50 (5566 turns).

sking99 the Grappler (Troll Monk)                   Turns: 5566, Time: 00:10:51

Health: 0/88       AC:  5    Str: 24    XL:     9   Next: 11%
Magic:  11/11      EV: 10    Int:  6    God:    Makhleb [*****.]
Gold:   306        SH:  0    Dex: 12    Spells: 8/8 levels left

rFire    . . .     SeeInvis .     - Unarmed
rCold    . . .     Faith    .   (no shield)
rNeg     + . .     Spirit   .   A - +1 robe {rN+}
rPois    .         Reflect  .   (helmet restricted)
rElec    .         Harm     .   (no cloak)
rCorr    .         Rampage  .   (gloves unavailable)
Will     .....                  (boots unavailable)
Stlth    ++........             (no amulet)
HPRegen  1.24/turn              (no ring)
MPRegen  0.12/turn              (no ring)

@: no status effects
A: large, unfitting armour, claws 3, regeneration 1, shaggy fur 1, tough skin 1
a: Renounce Religion, Minor Destruction, Lesser Servant of Makhleb, Major
Destruction, Greater Servant of Makhleb


You were on level 7 of the Dungeon.
You worshipped Makhleb.
Makhleb was extremely pleased with you.
You visited 1 branch of the dungeon, and saw 7 of its levels.
You also visited: Sewer.

You collected 306 gold pieces.

Inventory:

Armour
 A - a +1 robe of positive energy (worn)
Jewellery
 g - a ring of positive energy
 h - an amulet of magic regeneration
 j - a +6 ring of dexterity
 p - a ring of magical power
Wands
 q - a wand of flame (14)
 t - a wand of mindburst (15)
 z - a wand of polymorph (10)
 C - a wand of iceblast (13)
Scrolls
 a - a scroll of enchant weapon {unknown}
 b - a scroll of noise
 c - 2 scrolls of immolation
 k - 3 scrolls of identify
 r - a scroll of brand weapon {unknown}
 s - a scroll of fog {unknown}
 u - 4 scrolls of teleportation {unknown}
 x - a scroll of amnesia {unknown}
 y - a scroll of magic mapping {unknown}
Potions
 d - 3 potions of curing
 e - a potion of magic
 f - a potion of heal wounds
 i - a potion of berserk rage {unknown}
 l - a potion of ambrosia {unknown}
 m - 3 potions of flight
 n - 3 potions of lignification {unknown}
 o - 2 potions of degeneration {unknown}
 v - a potion of might {unknown}
 w - a potion of brilliance {unknown}
 B - 2 potions of haste {unknown}


   Skills:
 + Level 5.6 Fighting
 - Level 2.4 Dodging
 - Level 1.0 Stealth
 * Level 9.2 Unarmed Combat
 + Level 5.2 Invocations


You had 8 spell levels left.
You didn't know any spells.
Your spell library contained the following spells:

 Spells                   Type           Power      Damage    Failure   Level
 Blink                    Tloc           N/A        N/A       58%         2
 Lesser Beckoning         Tloc           0%         N/A       83%         3
 Petrify                  Tmut/Erth      0%         N/A       99%         4
 Manifold Assault         Tloc           0%         N/A       100%        5
 Metabolic Englaciation   Hex/Ice        0%         N/A       100%        5
 Statue Form              Tmut/Erth      0%         N/A       100%        6


Dungeon Overview and Level Annotations

Branches:
Dungeon (7/15)             Temple (0/1) D:5           Sewer (visited)

Altars:
Fedhas
Makhleb
Zin

Shops:
D:3 :   D:4 (

Annotations:
D:7 3 runed translucent doors, PanSaczeczos's ghost, novice DrTm


Innate Abilities, Weirdness & Mutations

You are too large for most types of armour.
You have claws for hands.
Your natural rate of healing is unusually fast.
You are covered in fur. (AC +1)
You have tough skin. (AC +1)


Message History

There is a blossoming altar of Fedhas here.
Things that are here:
a +0 shortbow; 11 arrows
There is a blossoming altar of Fedhas here.
Found 14 stones.
Found a worn wooden wand.
Okay, then.
C - a wand of iceblast (13)
A two-headed ogre comes into view.
It is wielding a +0 giant club and a +0 dire flail.
The two-headed ogre shouts in stereo!
A two-headed ogre is nearby!
A two-headed ogre is nearby!
You see here 14 stones.
Press: ? - help, Shift-Dir - straight line, f - two-headed ogre
Aim: a two-headed ogre, wielding a +0 giant club and a +0 dire flail The glob of acid hits the two-headed ogre!
The two-headed ogre is splashed with acid.
The acid corrodes the two-headed ogre!
The two-headed ogre is moderately wounded.
Press: ? - help, Shift-Dir - straight line, f/p - two-headed ogre
Aim: a two-headed ogre, wielding a +0 giant club and a +0 dire flail (moderately wounded, covered in acid)
The stone arrow hits the two-headed ogre!
The two-headed ogre is heavily wounded.
You barely miss the two-headed ogre.
The two-headed ogre is heavily wounded.
The two-headed ogre hits you with a +0 giant club!!
The two-headed ogre hits you with a +0 dire flail!
You closely miss the two-headed ogre.
The two-headed ogre is heavily wounded.
You scratch the two-headed ogre.
The two-headed ogre is heavily wounded.
The two-headed ogre hits you with a +0 giant club!!
* * * LOW HITPOINT WARNING * * *
The two-headed ogre hits you with a +0 dire flail.
* * * LOW HITPOINT WARNING * * *
The two-headed ogre is no longer covered in acid.
The two-headed ogre hits you with a +0 giant club!!
* * * LOW HITPOINT WARNING * * *
The two-headed ogre hits you with a +0 dire flail.
You die...

... ...
###..........##.##..##
..##.###
...####....)......... #.# ##
####.###..#.##.<## #
#.........#.##..## #.##.#
##.##.###........##
##.##.####..................
...............##..........
##.#.....#..###.##...####.##
.....##.#.@# #.##...####.##
#.#.###.#O.# #.##..........
#######.#.#......#
#.##..........
.......(........##
#.############
###########.#.### #.# #.#.#
### #.#.# #.### #.#


You could see a two-headed ogre.

Vanquished Creatures
  Sigmund (D:6)
  A water moccasin (D:6)
  An ogre (D:6)
  2 centaurs
  The ghost of othur the Cudgeller, an amateur GrFi (D:3)
  2 kobold brigands
  A scorpion (D:5)
  A wyvern zombie (D:7)
  2 water moccasin zombies (D:5)
  3 water moccasin skeletons (D:5)
  A wyvern skeleton (D:6)
  Dowan (D:6)
  6 bullfrog zombies (D:5)
  A centaur zombie (D:5)
  A bullfrog skeleton (D:6)
  3 hounds
  An orc priest (D:4)
  Terence (D:2)
  5 iguanas
  An orc wizard (D:5)
  A scorpion zombie (D:5)
  A hound zombie (D:5)
  A hound skeleton (D:5)
  6 gnolls
  9 adders
  A river rat (Sewer)
  A shadow imp (D:7)
  A white imp (D:7)
  An adder zombie (D:5)
  2 worms
  14 orcs
  12 ball pythons
  6 endoplasms
  6 giant cockroaches
  4 goblins
  3 hobgoblins
  A jackal (Sewer)
  13 kobolds
  8 quokkas
  5 bats
  2 frilled lizards
  A quokka skeleton (D:4)
  4 rats
139 creatures vanquished.

Vanquished Creatures (collateral kills)
  Duvessa (D:6)
  A centaur skeleton (D:6)
  2 gnolls (D:4)
  A giant cockroach (D:4)
  A goblin (D:4)
  2 kobolds (Sewer)
8 creatures vanquished.

Vanquished Creatures (others)
  A jelly (D:7)
1 creature vanquished.

Grand Total: 148 creatures vanquished

Notes
Turn   | Place    | Note
-------+----------+-------------------------------------------
     0 | D:1      | sking99 the Troll Monk began the quest for the Orb.
     0 | D:1      | Reached XP level 1. HP: 22/22 MP: 0/0
   173 | D:1      | Found a faded altar of an unknown god.
   192 | D:1      | Became a worshipper of Makhleb the Destroyer
   192 | D:1      | Reached * piety under Makhleb
   192 | D:1      | Reached ** piety under Makhleb
   282 | D:1      | Reached XP level 2. HP: 29/29 MP: 1/1
   506 | D:1      | Reached *** piety under Makhleb
   689 | D:2      | Noticed Terence
   738 | D:2      | Reached XP level 3. HP: 36/36 MP: 2/2
   891 | D:2      | Found a glowing silver altar of Zin.
  1042 | D:2      | Reached skill level 4 in Unarmed Combat
  1098 | D:2      | Killed Terence
  1099 | D:2      | Reached skill level 1 in Invocations
  1099 | D:2      | Reached XP level 4. HP: 33/45 MP: 3/3
  1234 | D:3      | Found a runed translucent door.
  1275 | D:3      | Noticed othur's ghost (amateur GrFi)
  1565 | D:3      | Found Firram's Book Emporium.
  1802 | D:3      | Reached **** piety under Makhleb
  1809 | D:3      | Killed othur's ghost
  1810 | D:3      | Reached XP level 5. HP: 50/53 MP: 3/5
  1874 | D:4      | Reached skill level 5 in Unarmed Combat
  1891 | D:4      | Found a glowing drain.
  1909 | Sewer    | Entered a sewer
  1991 | Sewer    | Reached XP level 6. HP: 5/61 MP: 6/6
  1992 | Sewer    | HP: 3/61 [kobold (3)]
  2054 | Sewer    | Found a glowing silver altar of Zin.
  3071 | D:4      | Found Zalak Azu's Weapon Shop.
  3306 | D:5      | Entered Level 5 of the Dungeon
  3346 | D:5      | Reached skill level 6 in Unarmed Combat
  3356 | D:5      | Reached XP level 7. HP: 23/70 MP: 8/8
  3595 | D:5      | Found a staircase to the Ecumenical Temple.
  3843 | D:5      | Reached skill level 7 in Unarmed Combat
  3948 | D:5      | Reached ***** piety under Makhleb
  4016 | D:5      | Reached XP level 8. HP: 67/79 MP: 9/9
  4374 | D:6      | Noticed Dowan
  4390 | D:6      | Killed Dowan
  4432 | D:6      | Noticed Duvessa
  4435 | D:6      | Noticed Sigmund
  4437 | D:6      | Reached skill level 8 in Unarmed Combat
  4452 | D:6      | Killed Duvessa
  4453 | D:6      | Reached skill level 5 in Fighting
  4526 | D:6      | Killed Sigmund
  4698 | D:6      | Reached skill level 5 in Invocations
  4850 | D:6      | Reached skill level 9 in Unarmed Combat
  4850 | D:6      | Reached XP level 9. HP: 86/88 MP: 11/11
  5055 | D:7      | Noticed PanSaczeczos's ghost (novice DrTm)
  5060 | D:7      | Noticed an efreet
  5067 | D:7      | Found a runed translucent gate.
  5067 | D:7      | Found a runed translucent gate.
  5068 | D:7      | Found a runed translucent gate.
  5368 | D:7      | Found a blossoming altar of Fedhas.
  5541 | D:7      | Noticed a two-headed ogre
  5566 | D:7      | Slain by a two-headed ogre

Illustrated notes

Levels and vault maps discovered:
D:1:      dpeg_arrival_shrine, layout_loops_cross,
          shapermc_ecumenical_altar_mp_urbaneastern, minmay_cupped
D:2:      layout_basic, basic_altar, lemuel_old_faithful, uniq_terence
D:3:      layout_loops_ring, serial_shops, shop, ebering_ghost_sewer_d,
          supply_closet_lemuel
D:4:      layout_layer_cave, portal_sewer_entry_f, serial_shops,
          nicolae_shop_behind_doors
D:5:      layout_gridville, minmay_temple_entry_fiery, serial_undead,
          serial_undead_a, serial_undead_d, serial_undead_f, serial_undead_c,
          serial_undead_d, serial_undead_a, minmay_hedge_maze,
          minmay_misc_feat_ornament
D:6:      layout_rooms, amethyst_killhole, feat_on_display, uniq_sigmund,
          uniq_duvessa
D:7:      layout_basic, fedhas_bush_and_centaur_altar, gammafunk_ghost_split

Skill      XL: |  1  2  3  4  5  6  7  8 |
---------------+-------------------------+-----
Unarmed Combat | 4 5 6 7 9 |  9.2
Fighting       | 3 4 5 |  5.6
Invocations    | 1 2 3 5 |  5.2
Dodging        | |  2.4
Stealth        | |  1.0

Action                   |  1- 3 |  4- 6 |  7- 9 || total
-------------------------+-------+-------+-------++-------
Melee: Unarmed           |    82 |   138 |   203 ||   423
       Punch             |     3 |     4 |    11 ||    18
Invok: Lesser Servant of |       |     3 |     1 ||     4
       Minor Destruction |       |       |     7 ||     7
  Use: Scroll            |       |     5 |       ||     5
       Potion            |       |     1 |     1 ||     2
 Stab: Sleeping          |     1 |     3 |     1 ||     5
Armor: Robe              |    33 |    34 |    48 ||   115
Dodge: Dodged            |    43 |    61 |   115 ||   219
